 Dungeon Crawl Stone Soup version 0.30.0 (webtiles) character file.

Game seed: 16986041305300588419

23963 RustyGutBuster the Spear-Bearer (level 13, -1/101 HPs)
             Began as a Merfolk Gladiator on May 22, 2023.
             Was an Initiate of Gozag.
             Slain by a vampire (8 damage)
             ... on level 11 of the Dungeon on May 24, 2023.
             The game lasted 04:55:28 (17478 turns).

RustyGutBuster the Spear-Bearer (MfGl)             Turns: 17478, Time: 04:55:29

Health: -1/101     AC: 12    Str: 17    XL:     13   Next: 10%
Magic:  24/24      EV: 17    Int:  9    God:    Gozag
Gold:   1727       SH: 13    Dex: 16    Spells: 18/27 levels left

rFire   + . .        F - +5 spear (venom)
rCold   + . .        f - +1 kite shield
rNeg    . . .        D - +2 robe {Archmagi}
rPois   +            c - +1 helmet
rElec   +            y - +2 cloak
rCorr   +            B - +2 pair of gloves
SInv    .            (no boots)
Will    +....        (no amulet)
Stlth   ++           N - ring of flight
HPRegen 0.36/turn    S - ring of willpower
MPRegen 0.19/turn

%: archmagi
@: brilliant, resistant, flying, hasted, invisible, very quick
A: (nimble swimmer 2), mertail
a: Renounce Religion, Potion Petition, Call Merchant, Bribe Branch


You were on level 11 of the Dungeon.
You worshipped Gozag.
Gozag was most pleased with you.
You visited 4 branches of the dungeon, and saw 16 of its levels.

You collected 3013 gold pieces.
You spent 140 gold pieces at shops.
You paid 1146 gold pieces to Gozag.

Inventory:

Hand Weapons
 e - a +0 giant club
 g - a +2 dagger of venom
 m - a +0 arbalest
 n - a +2 antimagic mace
 x - a +4 quarterstaff of chaos
 F - a +5 spear of venom (weapon)
Missiles
 j - 14 poisoned darts
 u - a curare-tipped dart
Armour
 c - a +1 helmet (worn)
 f - a +1 kite shield (worn)
 s - a +0 cloak
 y - a +2 cloak (worn)
 B - a +2 pair of gloves (worn)
 D - a +2 robe of the Archmagi (worn)
Magical Staves
 a - a staff of air
 h - a staff of fire
 l - a staff of death
Jewellery
 I - a ring of protection from cold
 N - a ring of flight (left hand)
 O - a ring of protection from cold
 R - a ring of ice
 S - a ring of willpower (right hand)
Wands
 b - a wand of quicksilver (2)
 o - a wand of flame (1)
 M - a wand of iceblast (3)
Scrolls
 d - a scroll of blinking {unknown}
 p - 2 scrolls of enchant armour
 v - a scroll of poison {unknown}
 C - 2 scrolls of silence
 H - a scroll of acquirement {unknown}
 J - a scroll of fog {unknown}
 L - 2 scrolls of amnesia
 U - a scroll of torment {unknown}
Potions
 k - 2 potions of brilliance
 q - a potion of might
 r - 3 potions of attraction
 t - a potion of magic
 z - 2 potions of resistance
 K - 4 potions of flight
 T - a potion of mutation


   Skills:
 - Level 9.0 Fighting
 - Level 13.5 Polearms
 - Level 7.0 Throwing
 - Level 11.0 Dodging
 * Level 2.3 Stealth
 - Level 10.0 Shields
 * Level 7.6 Spellcasting
 + Level 1.9 Conjurations
 - Level 3.0 Summonings
 + Level 0.9 Air Magic
 - Level 3.0 Earth Magic
 - Level 3.0 Invocations
 - Level 4.0 Evocations


You had 18 spell levels left.
You knew the following spells:

 Your Spells              Type           Power      Damage    Failure   Level
a - Necrotise             Necr           28%        1d5       36%         1
b - Summon Small Mammal   Summ           76%        N/A       11%         1
c - Stone Arrow           Conj/Erth      34%        3d9       38%         3
d - Animate Armour        Summ/Erth      38%        N/A       73%         4

Your spell library contained the following spells:

 Spells                   Type           Power      Damage    Failure   Level
 Apportation              Tloc           14%        N/A       36%         1
 Vhi's Electric Charge    Tloc/Air       18%        N/A       67%         3
 Arcjolt                  Conj/Air       6%         1d16      99%         5
 Lehudib's Crystal Spear  Conj/Erth      8%         10d4      100%        8
 Maxwell's Capacitive Co  Air            5%         ∞         100%        8


Dungeon Overview and Level Annotations

Branches:
Dungeon (11/15)            Temple (1/1) D:5            Lair (2/5) D:10
    Orc (2/2) D:10            Elf (0/3) Orc:2
  Swamp: Lair:2-3    Shoals: Lair:2-3     Snake: Lair:2-3    Spider: Lair:2-3

Altars:
Ashenzari
Cheibriados
Dithmenos
Elyvilon
Fedhas
Gozag
Hepliaklqana
Kikubaaqudgha
Makhleb
Nemelex Xobeh
Okawaru
Qazlal
Ru
Sif Muna
Trog
Uskayaw
Vehumet
Wu Jian
Xom
Yredelemnul
Zin
The Shining One
Jiyva

Shops:
D:4 !   D:6 (   D:7 [

Annotations:
D:2 Sigurd
D:10 exclusions: downstairs and obsidian statue
D:11 boulderb


Innate Abilities, Weirdness & Mutations

((You are very nimble when in or above water. (Stealth+, EV+, Speed+++)))
Your lower body shifts to a powerful aquatic tail in water.


Message History

Something bites you but does no damage.
You hit something.
Your rat barely misses something.
Something completely misses you. x2
You closely miss something.
Your rat barely misses something.
Aiming: Quicksilver Bolt
Press: ? - help, Shift-Dir - straight line, f - you That beam is likely to hit you.
Continue anyway?
Okay, then.
Aiming: Quicksilver Bolt
Press: ? - help, Shift-Dir - straight line Something hits you but does no damage.
Something bites you but does no damage.
Your rat bites something but does no damage.
You puncture something! Something draws life force from you!
Okay, then.
Aiming: Quicksilver Bolt
Press: ? - help, Shift-Dir - straight line Your rat misses something.
Something barely misses you. Something bites you.
* * * LOW HITPOINT WARNING * * *
Something draws strength from your injuries!
You miss something.
Your rat barely misses something.
You miss something. Something hits you but does no damage. Something bites you!
* * * LOW HITPOINT WARNING * * *
Something draws strength from your injuries!
Okay, then. [a] - 504 gold - resistance and invisibility [b] - 364 gold - resistance and might [c] - 704 gold - haste, brilliance, resistance and invisibility Purchase which effect?
You feel yourself speed up.
You feel clever all of a sudden.
You feel protected.
You fade into invisibility!
Your rat closely misses something.
Something hits you.
* * * LOW HITPOINT WARNING * * *
Something bites you!
* * * LOW HITPOINT WARNING * * *
Something draws strength from your injuries!
Your rat bites something but does no damage.
Something hits you!
You die...
Your body crumbles into a pile of gold.

... #......>......# ....
#.............#
....##.............#
..(..#.............#
.................+
#..............# ##.r..>.>......#
###{########### #$@.# .##
####.###### ## ..# ###.........#
###. #.# #...........# #.'.
#######.####.#.........# ####.#.
...........#.#.........####....#.
......[....#.#.........##...####.
.............#............### ##
...........###.........#### #.


You could see a friendly rat (summoned).

Vanquished Creatures
  2 boulder beetles (D:11)
  4 two-headed ogres
  2 orc high priests (Orc:2)
  Pikel (D:7)
  5 orc knights
  3 orc sorcerers
  4 black mambas
  Maggie (D:9)
  2 gargoyles (D:11)
  An unseen horror (D:11)
  6 cane toads
  A komodo dragon (D:10)
  3 trolls
  A hornet (D:8)
  Sigmund (D:2)
  A shadow (D:9)
  16 yaks
  6 vampire mosquitoes (D:11)
  2 wargs
  2 water moccasins
  An acid dragon (D:9)
  Duvessa (D:6)
  17 orc warriors
  3 sky beasts (D:7)
  3 black bears
  3 ice beasts
  6 ogres
  3 centaurs
  A lemure (D:7)
  2 kobold brigands
  5 bullfrogs
  A gnoll sergeant (D:9)
  2 scorpions
  4 wights
  Dowan (D:5)
  9 killer bees
  2 jellies
  A gnoll bouda (D:4)
  Crazy Yiuf (D:7)
  10 orc priests
  2 hounds
  5 sleepcaps
  An iguana (D:5)
  21 orc wizards
  14 gnolls
  4 adders
  2 white imps
  3 worms
  2 dart slugs
  46 orcs
  6 ball pythons
  A bat (D:1)
  5 endoplasms
  2 giant cockroaches (D:3)
  4 goblins
  6 hobgoblins
  3 quokkas
  2 frilled lizards
  11 kobolds
  8 rats
288 creatures vanquished.

Vanquished Creatures (collateral kills)
  A troll (D:10)
1 creature vanquished.

Vanquished Creatures (others)
  An orc wizard (D:6)
  8 fungi
  11 plants
20 creatures vanquished.

Grand Total: 309 creatures vanquished

Notes
Turn   | Place    | Note
-------+----------+-------------------------------------------
     0 | D:1      | RustyGutBuster the Merfolk Gladiator began the quest for
                  | the Orb.
     0 | D:1      | Reached XP level 1. HP: 16/16 MP: 1/1
   144 | D:1      | Reached XP level 2. HP: 23/23 MP: 2/2
   641 | D:2      | Reached XP level 3. HP: 23/28 MP: 3/3
   681 | D:2      | Noticed Sigmund
  1060 | D:3      | Reached skill level 1 in Invocations
  1148 | D:3      | Found a blossoming altar of Fedhas.
  1307 | D:3      | Reached skill level 1 in Shields
  1344 | D:3      | Reached XP level 4. HP: 35/35 MP: 4/4
  1570 | D:4      | Learned a level 1 spell: Necrotise
  1572 | D:4      | Learned a level 1 spell: Summon Small Mammal
  1683 | D:4      | Found Ecillem's Distillery.
  1714 | D:4      | Bought a potion of curing for 42 gold pieces
  1714 | D:4      | Bought a potion of degeneration for 14 gold pieces
  1714 | D:4      | Bought a potion of lignification for 42 gold pieces
  1783 | D:4      | Found a broken altar of Ashenzari.
  1843 | D:4      | Reached skill level 5 in Dodging
  2087 | D:5      | Entered Level 5 of the Dungeon
  2094 | D:5      | Noticed a scorpion
  2112 | D:4      | Reached XP level 5. HP: 24/41 MP: 4/6
  2326 | D:4      | Bought a potion of curing for 42 gold pieces
  2482 | D:5      | Reached XP level 6. HP: 41/48 MP: 7/7
  2525 | D:5      | Noticed a black bear
  2535 | D:5      | Killed a black bear
  2536 | D:5      | Reached skill level 5 in Polearms
  2616 | D:5      | Found a staircase to the Ecumenical Temple.
  2625 | Temple   | Entered the Ecumenical Temple
  3075 | D:5      | Reached XP level 7. HP: 49/55 MP: 8/8
  3218 | D:5      | Reached skill level 9 in Polearms
  3218 | D:5      | Reached skill level 10 in Dodging
  3218 | D:5      | Reached XP level 8. HP: 69/69 MP: 9/9
  3452 | D:5      | Reached skill level 10 in Polearms
  4082 | D:6      | Identified the +2 leather armour "Vibloghu" {-Cast Str+2
                  | Stlth+}
  4101 | D:6      | Noticed Dowan
  4142 | D:6      | Noticed Duvessa
  4233 | D:6      | Killed Duvessa
  5236 | D:2      | Killed Sigmund
  5454 | Temple   | Became a worshipper of Gozag Ym Sagoz the Greedy
  5518 | D:5      | Reached XP level 9. HP: 67/75 MP: 11/11
  5695 | D:5      | Reached skill level 1 in Summonings
  5713 | D:5      | Reached skill level 1 in Spellcasting
  5894 | D:5      | Killed Dowan
  6017 | D:6      | Found a shimmering blue altar of Sif Muna.
  6188 | D:6      | Found Upucrul's Antique Weapon Shoppe.
  6368 | D:6      | Found a hazy altar of Hepliaklqana.
  6370 | D:6      | Found a sacrificial altar of Ru.
  6705 | D:7      | Noticed Pikel
  6736 | D:7      | Killed Pikel
  6737 | D:7      | Reached skill level 11 in Polearms
  7032 | D:7      | Found Kufy's Armour Emporium.
  7236 | D:7      | Found a runed translucent door.
  7237 | D:7      | Noticed Crazy Yiuf
  7313 | D:8      | Reached XP level 10. HP: 82/82 MP: 15/15
  7879 | D:8      | Reached skill level 5 in Spellcasting
  7933 | D:8      | Found an iron altar of Okawaru.
  8056 | D:8      | Found an ancient bone altar of Kikubaaqudgha.
  8056 | D:8      | Found a glowing golden altar of the Shining One.
  8217 | D:8      | Paralysed by a hornet for 1 turns
  8311 | D:8      | Found a radiant altar of Vehumet.
  8726 | D:9      | Noticed a two-headed ogre
  8760 | D:9      | Killed a two-headed ogre
  8761 | D:9      | Reached skill level 12 in Polearms
  9385 | D:9      | Noticed Maggie
  9413 | D:9      | Killed Maggie
  9414 | D:9      | Reached XP level 11. HP: 83/87 MP: 20/20
  9696 | D:10     | Entered Level 10 of the Dungeon
  9826 | D:10     | Reached skill level 13 in Polearms
  9940 | D:10     | Noticed an obsidian statue
  9963 | D:10     | Found a hide-covered altar of Uskayaw.
  9972 | D:10     | Found a snail-covered altar of Cheibriados.
 10045 | D:10     | Found a staircase to the Lair.
 10058 | D:10     | Found a staircase to the Orcish Mines.
 10229 | D:10     | Noticed a two-headed ogre
 10254 | D:10     | Killed a two-headed ogre
 10255 | D:10     | Reached skill level 1 in Evocations
 10761 | D:11     | Learned a level 3 spell: Stone Arrow
 10766 | D:11     | Learned a level 4 spell: Animate Armour
 10809 | D:11     | Noticed a boulder beetle
 11286 | Lair:1   | Entered Level 1 of the Lair of Beasts
 11333 | Lair:1   | Reached skill level 1 in Earth Magic
 12396 | Lair:2   | Noticed a skyshark
 13213 | Lair:2   | Reached XP level 12. HP: 94/94 MP: 22/22
 13489 | Lair:2   | Noticed a skyshark
 13560 | Orc:1    | Entered Level 1 of the Orcish Mines
 13560 | Orc:1    | Noticed a two-headed ogre
 13572 | Orc:1    | Killed a two-headed ogre
 13646 | Orc:2    | Entered Level 2 of the Orcish Mines
 14252 | Orc:2    | Reached skill level 5 in Throwing
 14751 | Orc:2    | Found a staircase to the Elven Halls.
 14798 | Orc:2    | Noticed a two-headed ogre
 14800 | Orc:2    | Killed a two-headed ogre
 14862 | Orc:2    | Noticed an orc high priest
 14864 | Orc:2    | Noticed an orc high priest
 14875 | Orc:2    | Killed an orc high priest
 14876 | Orc:2    | Reached skill level 10 in Shields
 14889 | Orc:2    | Noticed a sun demon
 15711 | Orc:2    | Killed an orc high priest
 15712 | Orc:2    | Reached skill level 1 in Conjurations
 15892 | Orc:1    | Paralysed by an orc sorcerer for 3 turns
 16792 | D:7      | Killed Crazy Yiuf
 16953 | D:11     | Killed a boulder beetle
 16954 | D:11     | Reached skill level 1 in Stealth
 16994 | D:11     | Reached XP level 13. HP: 95/101 MP: 24/24
 17478 | D:11     | Slain by a vampire

Illustrated notes

Levels and vault maps discovered:
D:1:      minmay_arrival_widening_spiral_wide, layout_rooms
D:2:      layout_loops_corners, uniq_sigmund
D:3:      layout_basic, mainiacjoe_overflow_six_doors_small, grunt_decor_clamped
D:4:      layout_rooms, ashenzari_conservatory_becter, serial_shops, shop
D:5:      wander_river, layout_basic, minmay_temple_entry_statues_fountains,
          serial_corexii_hall, chequers_hall_statues_corner_a,
          corexii_hall_statues_l, hangedman_abyss_or_decor_stabs, dk_vineyard_3,
          hangedman_abyss_or_decor_lesser_grid, chequers_arboretum,
          minmay_misc_feat_doors, kennysheep_minor_cross
D:6:      layout_rooms, kennysheep_orc_sif_temple,
          nicolae_overflow_hidden_temple, serial_shops, shop,
          chequers_serial_rivers_large_a, uniq_duvessa
D:7:      layout_rooms, serial_shops, nicolae_shop_back_alley_shop,
          uniq_crazy_yiuf_cottage, uniq_pikel
D:8:      kennysheep_six_static_rooms, layout_basic, lemuel_doored_altar,
          okawaru_metal_pillars_1_2, gammafunk_temple_overflow_pools
D:9:      layout_basic, uniq_maggie
D:10:     layout_cave_pools, grunt_temple_overflow_open, lair_entry_dummy,
          orc_0_dummy, minmay_statue_bubble
D:11:     layout_roguey
Temple:   pf_slime_end_temple
Lair:1:   layout_small_grid
Lair:2:   layout_long_grid, pdpol_lair_cabin_in_the_woods,
          infiniplex_staircase_pool_2, grunt_megastairs_3
Orc:1:    layout_diamond_mine, serial_shops, nicolae_shop_rolling_square,
          minmay_shop_mayhem, uniq_jorgrun
Orc:2:    grunt_orc_tribal_feast, layout_caves, basic_altar

Skill      XL: |  1  2  3  4  5  6  7  8  9 10 11 12 13 |
---------------+----------------------------------------+-----
Fighting       | 3 4 8 9 |  9.0
Invocations    | 1 2 3 |  3.0
Shields        | 1 2 6 7 8 10 | 10.0
Dodging        | 5 6 10 11 | 11.0
Polearms       | 5 9 10 11 12 13 | 13.5
Summonings     | 1 3 |  3.0
Spellcasting   | 3 6 7 |  7.6
Evocations     | 4 |  4.0
Earth Magic    | 2 3 |  3.0
Throwing       | 7 |  7.0
Conjurations   | 1 |  1.9
Stealth        | 1 2 |  2.3
Air Magic      | |  0.9

Action                     |  1- 3 |  4- 6 |  7- 9 | 10-12 | 13-15 || total
---------------------------+-------+-------+-------+-------+-------++-------
  Melee: Trident           |    81 |    96 |   138 |       |       ||   315
         Spear             |       |       |   177 |   805 |    94 ||  1076
         Tailslap          |       |       |     1 |       |       ||     1
         Punch             |       |       |       |     3 |       ||     3
  Throw: Javelin           |    19 |     9 |    12 |    34 |     3 ||    77
         Throwing net      |     4 |     1 |       |     1 |       ||     6
         Dart              |       |    14 |    11 |   105 |     6 ||   136
   Cast: Summon Small Mamm |       |       |       |     3 |     1 ||     4
 Invoke: Potion Petition   |       |       |       |     1 |     1 ||     2
  Evoke: Wand              |       |    11 |    19 |    29 |     4 ||    63
    Use: Scroll            |     3 |     1 |    11 |    20 |       ||    35
         Potion            |     1 |     5 |     6 |    20 |     2 ||    34
   Stab: Sleeping          |     2 |     1 |     4 |       |       ||     7
         Paralysed         |       |       |       |     9 |       ||     9
         Distracted        |       |       |       |     1 |     1 ||     2
 Armour: Leather armour    |    17 |    18 |     9 |       |       ||    44
         Skin              |       |    10 |     3 |    13 |       ||    26
         Robe              |       |       |    39 |    59 |    29 ||   127
         Scale mail        |       |       |       |    57 |       ||    57
  Dodge: Dodged            |    24 |    48 |    91 |   294 |    45 ||   502
  Block: Kite shield       |    22 |    49 |   116 |   229 |    62 ||   478
